 Dungeon Crawl Stone Soup version 0.29-a0-887-gcbe080d7e0 (webtiles) character file.

Game seed: 7106255799221472229

1103 hquester1 the Trooper (level 8, -5/105 HPs)
             Began as a Minotaur Fighter on July 21, 2022.
             Slain by a five-headed hydra (7 damage)
             ... on level 6 of the Dungeon.
             The game lasted 00:12:59 (4789 turns).

hquester1 the Trooper (Minotaur Fighter)            Turns: 4789, Time: 00:13:00

Health: -5/105     AC: 11    Str: 28    XL:     8   Next: 11%
Magic:  7/7        EV: 11    Int:  5    God:
Gold:   264        SH:  5    Dex: 10    Spells: 7/7 levels left

rFire   . . .      SeeInvis +   k - +10 short sword "Killer Klown's Foe" {drain, rN+ Will- Str+5}
rCold   . . .      Faith    .   c - +0 buckler
rNeg    + . .      Spirit   .   b - +0 scale mail
rPois   .          Reflect  .   (helmet restricted)
rElec   .          Harm     .   z - scarf {shadows}
rCorr   .          Rampage  .   l - +0 pair of gloves
Will    .....                   f - +1 pair of boots
Stlth   ..........              (no amulet)
HPRegen 0.27/turn               r - ring of flight
MPRegen 0.10/turn               s - ring of see invisible

@: mighty, berserking, flying, very quick
A: horns 2, retaliatory headbutt
a: no special abilities


You were on level 6 of the Dungeon.
You visited 2 branches of the dungeon, and saw 7 of its levels.
You also visited: Sewer.

You collected 264 gold pieces.

Inventory:

Hand Weapons
 a - a +0 war axe
 k - the +10 short sword "Killer Klown's Foe" (weapon) {drain, rN+ Will- Str+5}
   (You found it on level 2 of the Dungeon)

   A truly terrible weapon, it drains the life of any living foe it strikes.
   Str:       It affects your strength (+5).
   rN:        It protects you from negative energy.
   Will:      It decreases your willpower.
 t - a +0 morningstar
 A - the +5 long sword "Xuuraloha" {protect, rCorr}
   (You found it on level 5 of the Dungeon)

   It grants its wielder temporary protection when it strikes (+7 to AC).
   rCorr:     It protects you from acid and corrosion.
Armour
 b - a +0 scale mail (worn)
 c - a +0 buckler (worn)
 f - a +1 pair of boots (worn)
 l - a +0 pair of gloves (worn)
 z - a scarf of shadows (worn)
Jewellery
 r - a ring of flight (left hand)
 s - a ring of see invisible (right hand)
Wands
 i - a wand of polymorph (9)
 x - a wand of flame (21)
Scrolls
 g - a scroll of silence {unknown}
 j - a scroll of identify
 m - 5 scrolls of teleportation
 n - a scroll of blinking
 p - a scroll of fear
 q - 2 scrolls of enchant armour
 v - a scroll of butterflies {unknown}
 y - a scroll of noise {unknown}
Potions
 d - a potion of might
 e - 4 potions of resistance
 o - a potion of ambrosia
 u - 2 potions of cancellation {unknown}
 w - 4 potions of haste
 B - a potion of magic {unknown}
 C - a potion of mutation {unknown}
 D - a potion of attraction {unknown}


   Skills:
 + Level 5.7 Fighting
 + Level 2.6 Long Blades
 + Level 5.0(5.3) Axes
 + Level 2.5(4.1) Maces & Flails
 + Level 5.6 Armour
 + Level 3.6 Dodging
 + Level 2.8 Stealth
 + Level 5.6 Shields


You had 7 spell levels left.
You didn't know any spells.
Your spell library contained the following spells:

 Spells                   Type           Power      Damage    Failure   Level
 Sandblast                Erth           0%         2d4       80%         1
 Passwall                 Tmut/Erth      0%         N/A       91%         2
 Ignite Poison            Fire/Tmut/Pois 0%         N/A       99%         3
 Mephitic Cloud           Conj/Pois/Air  0%         N/A       99%         3
 Stone Arrow              Conj/Erth      0%         3d7       99%         3
 Fulminant Prism          Conj/Hex       0%         3d6       100%        4
 Iskenderun's Mystic Bla  Conj/Tloc      0%         2d3       100%        4
 Fireball                 Conj/Fire      0%         3d3       100%        5
 Freezing Cloud           Conj/Ice/Air   0%         6-21      100%        5
 Iskenderun's Battlesphe  Conj           0%         2d6       100%        5
 Lee's Rapid Deconstruct  Erth           0%         3d5*      100%        5
 Conjure Ball Lightning   Conj/Air       0%         3x3d6     100%        6
 Orb of Destruction       Conj           0%         9d5       100%        7


Dungeon Overview and Level Annotations

Branches:
Dungeon (6/15)             Temple (1/1) D:5           Sewer (visited)

Altars:
Fedhas
Hepliaklqana
Kikubaaqudgha
Nemelex Xobeh
Okawaru
Qazlal
Ru
Trog
Wu Jian
Zin
The Shining One


Innate Abilities, Weirdness & Mutations

You have a pair of horns on your head.
You reflexively headbutt those who attack you in melee.


Message History

You feel very mighty all of a sudden. The scorpion stings you.
The five-headed hydra bites you but does no damage.
The five-headed hydra misses you. The five-headed hydra bites you!
* * * LOW HITPOINT WARNING * * *
The five-headed hydra bites you!
* * * LOW HITPOINT WARNING * * *
The five-headed hydra bites you but does no damage.
A red film seems to cover your vision as you go berserk!
You feel yourself moving faster!
You feel mighty!
The scorpion stings you but does no damage.
The five-headed hydra barely misses you.
You furiously retaliate!
You headbutt the five-headed hydra!
You block the five-headed hydra's attack.
The five-headed hydra closely misses you.
The five-headed hydra bites you.
* * * LOW HITPOINT WARNING * * *
The five-headed hydra bites you.
* * * LOW HITPOINT WARNING * * *
The scorpion barely misses you.
You barely miss the five-headed hydra. You headbutt the five-headed hydra!!
The five-headed hydra is severely wounded.
The five-headed hydra bites you.
* * * LOW HITPOINT WARNING * * *
The five-headed hydra bites you.
* * * LOW HITPOINT WARNING * * *
The five-headed hydra bites you but does no damage.
The five-headed hydra closely misses you.
The five-headed hydra bites you but does no damage.
The scorpion stings you.
* * * LOW HITPOINT WARNING * * *
You puncture the five-headed hydra! You drain the five-headed hydra.
The five-headed hydra is almost dead.
Unknown command.
You barely miss the five-headed hydra.
Your headbutt misses the five-headed hydra.
The five-headed hydra is almost dead.
The scorpion stings you but does no damage.
The five-headed hydra bites you!
You die...

,,***,,,,........# ##.#≈≈≈
,,***,,,,........# ###### #.####
,,**,,,..........# ##....###.....
*,**,,,.........## #.........##..
*,**,,..........# #..........#..
*,*,,,..........# ##.............
*,*,,,.........W###..............
*,*,,,........oDs##..............
*,,,,,.........#@................
*,,,,,........###........(.......
*,,,,,........# #................
*,,,,,.......## #....)..........#
*,,,,,.......# #...............#
,,**,*#.....## #....<.........##
,*,,,*.#....* ##..............##
*,**,,*#...#* #...............#.
**,***,.#..** #..............#..


You could see a five-headed hydra (drained), a shadow (invisible), a scorpion
and an orc.

Vanquished Creatures
  Eustachio (D:4)
  An ogre (D:6)
  An ice beast (D:5)
  A kobold brigand (Sewer)
  A phantom (D:5)
  A necrophage (D:2)
  A scorpion (D:5)
  A hound (D:3)
  A jelly (D:6)
  An orc priest (D:3)
  4 iguanas
  An orc wizard (D:3)
  4 gnolls
  11 adders
  6 river rats (Sewer)
  2 ufetubi (D:5)
  3 worms
  5 dart slugs
  5 orcs
  8 bats
  5 endoplasms
  8 giant cockroaches
  4 goblins
  3 hobgoblins
  3 jackals (D:4)
  14 kobolds
  3 quokkas
  9 ball pythons
  3 frilled lizards
  24 rats
135 creatures vanquished.

Vanquished Creatures (others)
  4 plants (D:2)
4 creatures vanquished.

Grand Total: 139 creatures vanquished

Notes
Turn   | Place    | Note
-------+----------+-------------------------------------------
     0 | D:1      | hquester1 the Minotaur Fighter began the quest for the Orb.
     0 | D:1      | Reached XP level 1. HP: 19/19 MP: 0/0
    62 | D:1      | Reached XP level 2. HP: 27/27 MP: 1/1
   315 | D:1      | Reached XP level 3. HP: 32/33 MP: 2/2
   363 | D:1      | Found a faded altar of an unknown god.
   730 | D:2      | Noticed a necrophage
   746 | D:2      | Killed a necrophage
   747 | D:2      | Reached skill level 1 in Dodging
   747 | D:2      | Reached skill level 1 in Stealth
   747 | D:2      | Reached XP level 4. HP: 35/40 MP: 3/3
   805 | D:2      | Identified the +10 short sword "Killer Klown's Foe" {drain,
                  | rN+ Will- Str+5}
   984 | D:2      | Found a blossoming altar of Fedhas.
  1319 | D:3      | Reached XP level 5. HP: 44/46 MP: 4/4
  1657 | D:3      | Found a sacrificial altar of Ru.
  2232 | D:4      | Reached XP level 6. HP: 51/53 MP: 5/5
  2714 | D:4      | Noticed Eustachio
  2722 | D:4      | Killed Eustachio
  2723 | D:4      | Reached skill level 5 in Fighting
  2723 | D:4      | Reached skill level 1 in Long Blades
  2723 | D:4      | Reached skill level 1 in Maces & Flails
  2723 | D:4      | Reached skill level 5 in Armour
  2723 | D:4      | Reached skill level 5 in Shields
  2913 | D:4      | Reached XP level 7. HP: 58/61 MP: 6/6
  2953 | D:4      | Found an ancient bone altar of Kikubaaqudgha.
  2953 | D:4      | Found a glowing golden altar of the Shining One.
  3114 | D:5      | Entered Level 5 of the Dungeon
  3221 | D:5      | Found a staircase to the Ecumenical Temple.
  3229 | Temple   | Entered the Ecumenical Temple
  3622 | D:5      | Found an ornate altar of the Wu Jian Council.
  3715 | D:5      | Identified the +5 long sword "Xuuraloha" {protect, rCorr}
  3992 | D:6      | Found a glowing drain.
  4027 | Sewer    | Entered a sewer
  4160 | Sewer    | Reached skill level 5 in Axes
  4384 | Sewer    | Reached XP level 8. HP: 64/69 MP: 7/7
  4770 | D:6      | Noticed a five-headed hydra
  4787 | D:6      | HP: 2/105 [scorpion (4)]
  4789 | D:6      | Slain by a five-headed hydra

Illustrated notes

Levels and vault maps discovered:
D:1:      tarquinn_simple_flora_water_d, layout_loops_ring,
          hellmonk_ecumenical_altar_inner_sanctum, serial_glass,
          glass_columns_c, glass_columns_a, glass_columns_a, glass_columns_c,
          glass_columns_b, glass_columns_a, glass_columns_a, glass_columns_a
D:2:      layout_rooms, basic_altar, minmay_crystal_room,
          kennysheep_decorative_pillar, serial_bayou_lake_a
D:3:      layout_rooms, mainiacjoe_overflow_concentric_impassable,
          serial_co_window_serial, co_window_of_opportunity_a,
          co_window_cross_1, co_window_paths_a, co_window_corner_a,
          co_window_corner_a, co_window_corner_b, co_window_2corner,
          co_window_cross_3, co_window_paths_d, glass_columns_c,
          glass_columns_a, glass_columns_a
D:4:      layout_loops_ring, gammafunk_temple_overflow_elements, uniq_eustachio
D:5:      layout_basic, mainiacjoe_overflow_24_doors,
          minmay_temple_entry_junction
D:6:      layout_cave_pods, gammafunk_ghost_arena, gup_sewer_entry_glass,
          minmay_manual_mess
Temple:   hellmonk_temple_two_chambers

Skill      XL: |  1  2  3  4  5  6  7 |
---------------+----------------------+-----
Armour         | 4 5 |  5.6
Fighting       | 4 5 |  5.7
Axes           | 3 4 5 |  5.0
Shields        | 4 5 |  5.6
Dodging        | 1 2 3 |  3.6
Stealth        | 1 2 |  2.8
Long Blades    | 1 2 |  2.6
Maces & Flails | 1 2 |  2.5

Action                   |  1- 3 |  4- 6 |  7- 9 || total
-------------------------+-------+-------+-------++-------
Melee: War axe           |    57 |     1 |       ||    58
       Headbutt          |     9 |     8 |    17 ||    34
       Short sword       |       |   102 |   110 ||   212
  Use: Scroll            |       |       |    13 ||    13
       Potion            |       |       |     2 ||     2
Armor: Scale mail        |    34 |    41 |    55 ||   130
Dodge: Dodged            |    47 |    42 |    55 ||   144
Block: Buckler           |    18 |    12 |    28 ||    58

Table legend: (Time is in decaauts)
 A = Elapsed time spent in this place.
 B = Non-inter-level travel time spent in this place.
 C = Inter-level travel time spent in this place.
 D = Time resting spent in this place.
 E = Time spent auto-exploring this place.
 F = Levels seen in this place.
 G = Mean time per level.
                   A        B        C        D        E       F      G
               +--------+--------+--------+--------+--------+-----+--------+
         Total |   4875 |   4709 |    166 |    186 |   3490 |   8 |  609.4 |
       Dungeon |   4192 |   4026 |    166 |    186 |   3043 |   6 |  698.7 |
        Temple |     43 |     43 |      0 |      0 |     19 |   1 |   43.0 |
         Sewer |    639 |    639 |      0 |      0 |    428 |   1 |  639.0 |
               +--------+--------+--------+--------+--------+-----+--------+

Top non-repeatable levels by time:
     D:3: 956 daAuts
     D:4: 897 daAuts
     D:5: 811 daAuts
     D:1: 678 daAuts
     D:2: 659 daAuts
   Sewer: 639 daAuts
     D:6: 188 daAuts
  Temple: 43 daAuts
